 Dungeon Crawl Stone Soup version 0.26-a0-597-gb535b0901c (webtiles) character file.

Game seed: 18284815421777139176

19 Lanoc the Stinger (level 2, 0/15 HPs)
             Began as a Deep Elf Venom Mage on Sept 12, 2020.
             Slain by an orc wizard
             ... wielding a +1 dagger of venom
              (5 damage)
             ... on level 3 of the Dungeon.
             The game lasted 00:01:35 (589 turns).

Lanoc the Stinger (Deep Elf Venom Mage)              Turns: 589, Time: 00:01:36

Health: 0/15       AC:  2    Str:  5    XL:     2   Next: 55%
Magic:  0/8        EV: 13    Int: 19    God:
Gold:   27         SH:  0    Dex: 15    Spells: 4/7 levels left

rFire    . . .     SeeInvis .   c - +0 dagger (curse)
rCold    . . .     Faith    .   (no shield)
rNeg     . . .     Spirit   .   a - +0 robe
rPois    .         Reflect  .   (no helmet)
rElec    .         Harm     .   (no cloak)
rCorr    .                      (no gloves)
MR       .....                  (no boots)
Stlth    +.........             f - amulet of regeneration
HPRegen  0.45/turn              (no ring)
MPRegen  0.11/turn              (no ring)

@: confused, lethally poisoned (0 -> -1)
A: no striking features
a: no special abilities


You were on level 3 of the Dungeon.
You visited 1 branch of the dungeon, and saw 3 of its levels.

You collected 27 gold pieces.

Inventory:

Hand Weapons
 c - a cursed +0 dagger (weapon)
Armour
 a - a +0 robe (worn)
Jewellery
 f - an amulet of regeneration (around neck)
Scrolls
 d - 7 scrolls of identify {unknown}
 g - a scroll of remove curse {unknown}
 i - a scroll of enchant armour {unknown}
Potions
 j - a potion of mutation {unknown}


   Skills:
 + Level 2.8 Dodging
 - Level 2.4 Stealth
 - Level 3.0 Spellcasting
 + Level 1.6 Transmutations
 * Level 3.9 Poison Magic


You had 4 spell levels left.
You knew the following spells:

 Your Spells              Type           Power        Failure   Level
a - Sting                 Tmut/Pois      ##..         4%          1
b - Poisonous Vapours     Pois/Air       ##....       11%         2

Your spell library contained the following spells:

 Spells                   Type           Power        Failure   Level
 Ignite Poison            Fire/Tmut/Pois #.......     22%         3
 Mephitic Cloud           Conj/Pois/Air  #.......     26%         3
 Olgreb's Toxic Radiance  Pois           ###.....     30%         4


Dungeon Overview and Level Annotations

Branches:
Dungeon (3/15)

Altars:


Message History

The puff of flame hits you!
Ouch! That really hurt!
It was a potion of cancellation.
Your magical effects are unravelling.
You feel magically purged.
You feel less confused.
You feel a little less clever now.
You feel sick. The orc wizard closely misses you.
You hear some strange, mumbled words.
Something tries to affect you, but you resist.
Casting: Sting (safe; 4% risk of failure)
Confirm with . or Enter, or press ? or * to list all spells.
Aiming: Sting (safe; 4% risk of failure)
Press: ? - help, Shift-Dir - straight line, f - orc wizard
Aim: an orc wizard, wielding a +0 dagger and wearing a +0 robe The sting hits the orc wizard.
The orc wizard is poisoned.
The orc wizard is lightly wounded.
The orc wizard casts a spell at you.
You are confused.
Something hits you.
You die...

.......#...##
#.........## #........#
#..##....###
.#.####.####.....#####..
.......S................
#.###...####...####....
#.# #.#o## #.#>.....# #.#
#.#@.# #o##...###
#.###.##{# #)###..##
##.##..##.###o###.....
#.....###........>..##.#
#####..######.#.......###
#..........##.#...#####
#....<.....##.#...#
#..........##.#....#
#############.#....#


You could see an orc wizard (poisoned) and a ball python.

Vanquished Creatures
  A dart slug (D:2)
  3 orcs (D:3)
  2 giant cockroaches (D:2)
  A hobgoblin (D:3)
  A quokka (D:2)
  2 bats (D:2)
  2 frilled lizards
  2 kobolds
  A rat (D:2)
15 creatures vanquished.

Notes
Turn   | Place    | Note
-------+----------+-------------------------------------------
     0 | D:1      | Lanoc the Deep Elf Venom Mage began the quest for the Orb.
     0 | D:1      | Reached XP level 1. HP: 10/10 MP: 6/6
   250 | D:2      | Reached XP level 2. HP: 15/15 MP: 5/8
   521 | D:3      | Learned a level 2 spell: Poisonous Vapours
   589 | D:3      | Slain by an orc wizard

Illustrated notes

Levels and vault maps discovered:
D:1:      dpeg_arrival_oval, layout_loops_ring
D:2:      layout_basic
D:3:      layout_rooms

Action                   || total
-------------------------++-------
Melee: Dagger            ||     3
 Cast: Sting             ||    31
  Use: Potion            ||     3
Armor: Robe              ||     2
Dodge: Dodged            ||    16

Table legend: (Time is in decaauts)
 A = Elapsed time spent in this place.
 B = Non-inter-level travel time spent in this place.
 C = Inter-level travel time spent in this place.
 D = Time resting spent in this place.
 E = Time spent auto-exploring this place.
 F = Levels seen in this place.
 G = Mean time per level.
                   A        B        C        D        E       F      G
               +--------+--------+--------+--------+--------+-----+--------+
         Total |    588 |    555 |     33 |      0 |    419 |   3 |  196.0 |
       Dungeon |    588 |    555 |     33 |      0 |    419 |   3 |  196.0 |
               +--------+--------+--------+--------+--------+-----+--------+

Top non-repeatable levels by time:
     D:2: 435 daAuts
     D:3: 88 daAuts
     D:1: 64 daAuts
